 Dungeon Crawl Stone Soup version 0.21.1-1-g345015f (webtiles) character file.

716 Supreme the Destroyer (level 7, -2/36 HPs)
             Began as a Tengu Conjurer on Apr 8, 2018.
             Slain by a bullfrog zombie (3 damage)
             ... on level 5 of the Dungeon on Apr 9, 2018.
             The game lasted 00:49:14 (2590 turns).

Supreme the Destroyer (Tengu Conjurer)              Turns: 2590, Time: 00:49:15

Health: -2/36      AC:  2    Str:  8    XL:     7   Next: 69%
Magic:  19/23      EV: 14    Int: 18    God:
Gold:   169        SH:  0    Dex: 14    Spells: 4/14 levels left

rFire    + . .     SeeInvis .   s - +0 whip (elec)
rCold    . . .     Gourm    .   (no shield)
rNeg     . . .     Faith    .   a - +0 robe
rPois    .         Spirit   .   (helmet restricted)
rElec    .         Reflect  .   (no cloak)
rCorr    .         Harm     .   (no gloves)
MR       .....                  (boots unavailable)
Stlth    +++.......             q - amulet of magic regeneration
HPRegen  0.12/turn              m - ring of magical power
MPRegen  0.43/turn              B - ring of protection from fire

@: no status effects
A: beak, talons 3, able to fly 1
a: Fly


You were on level 5 of the Dungeon.
You were hungry.

You visited 1 branch of the dungeon, and saw 5 of its levels.

You collected 169 gold pieces.

Inventory:

Hand Weapons
 s - a +0 whip of electrocution (weapon)
Missiles
 k - 79 arrows
Armour
 a - a +0 robe (worn)
 z - a +0 robe
Jewellery
 f - an uncursed amulet of faith
 m - a ring of magical power (left hand)
 q - an amulet of magic regeneration (around neck)
 B - a ring of protection from fire (right hand)
 C - a +3 ring of dexterity {unknown}
Wands
 x - a wand of acid (6)
 y - a wand of iceblast (9)
Scrolls
 e - a scroll of enchant armour {unknown}
 g - a scroll of amnesia {unknown}
 h - 3 scrolls of remove curse {unknown}
 j - a scroll of immolation {unknown}
 l - a scroll of teleportation {unknown}
 n - a scroll of blinking {unknown}
 u - a scroll of fog {unknown}
 w - 2 scrolls of identify {unknown}
 A - 2 scrolls of fear {unknown}
Potions
 d - a potion of magic {unknown}
 o - 3 potions of curing {unknown}
 p - a potion of resistance {unknown}
 t - 2 potions of flight {unknown}
 D - a potion of degeneration {unknown}
 E - a potion of heal wounds {unknown}
Books
 b - a book of Conjurations

   Spells                             Type                      Level
   a - Magic Dart                     Conjuration                  1
   b - Searing Ray                    Conjuration                  2
   c - Dazzling Spray                 Conjuration/Hexes            3
   d - Fulminant Prism                Conjuration/Hexes            4
   e - Force Lance                    Conjuration/Translocation    4
   f - Iskenderun's Mystic Blast      Conjuration                  4
 i - a book of Unlife

   Spells                             Type                      Level
   a - Recall                         Summoning/Translocation      3
   b - Animate Dead                   Necromancy                   4
   c - Borgnjor's Vile Clutch         Necromancy/Earth             5
   d - Death Channel                  Necromancy                   6
   e - Simulacrum                     Ice/Necromancy               6
Comestibles
 c - 5 rations


   Skills:
 + Level 3.8 Dodging
 + Level 4.3 Stealth
 + Level 4.4 Spellcasting
 + Level 8.5 Conjurations


You had 4 spell levels left.
You knew the following spells:

 Your Spells              Type           Power        Failure   Level  Hunger
a - Magic Dart            Conj           ####         1%          1    None
b - Searing Ray           Conj           ####..       1%          2    #......
c - Dazzling Spray        Conj/Hex       ###...       7%          3    ###....
d - Iskenderun's Mystic   Conj           ####....     4%          4    ####...


Dungeon Overview and Level Annotations

Branches:
Dungeon (5/15)
 Temple: D:4-7

Altars:
Gozag
Makhleb
Sif Muna
Xom
Zin

Shops:
D:5 *

Annotations:
D:5 Sigmund


Innate Abilities, Weirdness & Mutations

You have a beak for a mouth.
You have claws for feet.
You can fly.


Message History

The bullfrog zombie barely misses you.
The searing ray hits the bullfrog zombie.
The bullfrog zombie is moderately damaged.
The bullfrog zombie misses you.
A gnoll comes into view.
The searing ray misses the bullfrog zombie.
The searing ray hits the gnoll shaman.
The gnoll shaman is almost dead.
The searing ray hits the gnoll.
You kill the gnoll!
You finish channeling your searing ray.
The bullfrog zombie hits you.
* * * LOW HITPOINT WARNING * * *
The bullfrog zombie hits you.
* * * LOW HITPOINT WARNING * * *
The gnoll shaman calls upon its god to speed up something.
The bullfrog zombie hits you.
* * * LOW HITPOINT WARNING * * *
There is a stone staircase leading up, spattered with blood here.
The bullfrog zombie hits you.
You die...

=.....#...#......
#######...########## ##
#...# #.. ##. #...# #.###
#.. #...# #...# #.# #...#
#...# ##.# #...#
######...####..#
#...##.##.........<.##
##..Z@<##......######
#####<.####........#
##..gg.## #.....##.# g.
#..###.#####..#####.# l#.##
#.## #.##.....#.....#
..g..##.# #.#..##..#.#####
....>.#.# #.#.#[...#.#####
#.#...g.# ##.....##.#.....#
##
...?...####...#.###.#####.#
##.


You could see a gnoll shaman, a gnoll and a bullfrog zombie.

Vanquished Creatures
  Grinder (D:3)
  The ghost of Totori the Sneak, an amateur VSAs (D:3)
  A crimson imp (D:5)
  An orc wizard (D:4)
  Terence (D:3)
  Ijyb (D:3)
  Natasha (twice) (D:2)
  2 worker ants
  3 gnolls (D:5)
  6 adders
  2 oozes
  An adder skeleton (D:4)
  2 worms
  4 leopard geckos
  5 orcs
  7 bats
  11 giant cockroaches
  8 goblins
  7 hobgoblins
  4 jackals (D:1)
  4 quokkas
  A ball python (D:3)
  4 frilled lizards
  A jackal zombie (D:5)
  8 kobolds
  A leopard gecko skeleton (D:4)
  2 quokka skeletons
  14 rats
105 creatures vanquished.

Notes
Turn   | Place    | Note
-------+----------+-------------------------------------------
     0 | D:1      | Supreme the Tengu Conjurer began the quest for the Orb.
     0 | D:1      | Reached XP level 1. HP: 10/10 MP: 4/4
   156 | D:1      | Reached XP level 2. HP: 13/15 MP: 1/6
   160 | D:1      | Learned a level 2 spell: Searing Ray
   246 | D:2      | Noticed Natasha
   252 | D:2      | Killed Natasha
   252 | D:2      | Reached skill level 6 in Conjurations
   252 | D:2      | Reached XP level 3. HP: 6/19 MP: 1/7
   266 | D:1      | Learned a level 3 spell: Dazzling Spray
   579 | D:1      | Reached XP level 4. HP: 21/24 MP: 5/8
   651 | D:3      | Found a shimmering altar of Xom.
   651 | D:3      | Noticed Terence
  1062 | D:3      | Killed Terence
  1062 | D:3      | Reached skill level 7 in Conjurations
  1062 | D:3      | Gained mutation: You can fly. [Tengu growth]
  1062 | D:3      | Reached XP level 5. HP: 10/28 MP: 4/10
  1187 | D:5      | Entered Level 5 of the Dungeon
  1187 | D:5      | Noticed Sigmund
  1286 | D:3      | Noticed Grinder
  1293 | D:3      | Paralysed by Grinder for 6 turns
  1340 | D:3      | Killed Grinder
  1340 | D:3      | Reached XP level 6. HP: 31/32 MP: 7/12
  1345 | D:3      | Noticed Ijyb
  1366 | D:3      | Killed Ijyb
  1385 | D:3      | Noticed Totori's ghost (amateur VSAs)
  1685 | D:2      | Noticed Natasha
  1694 | D:2      | Killed Natasha
  1694 | D:2      | Reached skill level 8 in Conjurations
  1723 | D:2      | Found a glowing silver altar of Zin.
  1732 | D:2      | Found an opulent altar of Gozag.
  1740 | D:2      | Found a burning altar of Makhleb.
  1881 | D:2      | Learned a level 4 spell: Iskenderun's Mystic Blast
  1933 | D:2      | Found a deep blue altar of Sif Muna.
  2149 | D:3      | Killed Totori's ghost
  2149 | D:3      | Reached XP level 7. HP: 33/36 MP: 14/14
  2278 | D:5      | Found Godinn's Elemental Accessories.
  2588 | D:5      | HP: 1/36 [bullfrog zombie (2)]
  2590 | D:5      | Slain by a bullfrog zombie

Skill      XL: |  1  2  3  4  5  6  7 |
---------------+----------------------+-----
Conjurations   | 6 7 8 |  8.5
Dodging        | 3 |  3.8
Stealth        | 3 4 |  4.3
Spellcasting   | 3 4 |  4.4

Action                   |  1- 3 |  4- 6 |  7- 9 || total
-------------------------+-------+-------+-------++-------
Melee: Dagger            |    15 |    26 |       ||    41
       Kick              |     3 |     8 |     4 ||    15
       Peck              |       |     7 |     7 ||    14
       Whip              |       |    43 |    34 ||    77
 Cast: Magic Dart        |    34 |    52 |    12 ||    98
       Searing Ray       |     3 |    11 |     3 ||    17
       Iskenderun's Myst |       |       |     1 ||     1
 Abil: Fly               |       |     7 |       ||     7
 Stab: Sleeping          |     2 |     7 |     3 ||    12
  Eat: Chunk             |       |     6 |     1 ||     7
Armor: Robe              |    11 |    14 |     3 ||    28
Dodge: Dodged            |    20 |    64 |    24 ||   108
